Map: Dusk Towers

Players

capac - Winner!

  • Race: Terran Terran
  • League: Gold

Matlar

  • Race: Zerg Zerg

VOD

Have the link to the VOD?

Description

Time

  • Played on: April 10, 2016, 1:03 p.m.
  • Length: 7:00
Show
View Real Time Build Order
Export as new Build Order

capac Terran - Winner!

Build Orders: Reaper Expand 

Get SALT Encoding   

  12  0:00  SCV  
  13  0:13  SCV  
  14  0:18  Supply Depot  
  14  0:25  SCV  
  15  0:39  SCV  
  15  0:42  Barracks  
  16  0:44  Refinery  
  16  0:51  SCV  
  17  1:03  SCV  
  18  1:16  SCV  
  19  1:30  Orbital Command  
  19  1:31  Reaper  
  20  1:42  Command Center  
  20  1:50  Supply Depot  
  20  1:55  SCV  
  21  2:08  Barracks Reactor  
  21  2:16  Barracks  
  21  2:18  SCV  
  22  2:26  Refinery  
  22  2:29  Factory  
  22  2:30  SCV  
  23  2:45  SCV  
  23  2:46  Marine x2  
  26  2:56  Orbital Command  
  26  2:57  SCV  
  27  2:59  Barracks  
  27  3:05  Barracks Tech Lab  
  27  3:07  Marine  
  27  3:08  Marine  
  27  3:09  SCV  
  30  3:13  Starport  
  30  3:16  Factory Reactor  
  30  3:21  SCV  
  31  3:29  Stimpack  
  31  3:31  SCV  
  31  3:33  SCV  
  33  3:34  Refinery  
  33  3:37  Marine x2  
  33  3:40  Marine  
  36  3:51  Barracks Reactor  
  36  4:07  Marine  
  36  4:08  Marine x2  
  36  4:09  Medivac  
  41  4:23  SCV  
  41  4:24  SCV  
  34  4:31  Marine x4  
  35  4:32  Marine  
  35  4:35  SCV  
  35  4:36  SCV  
  41  4:50  Marine x3  
  41  4:51  Marine x2  
  46  4:57  Supply Depot  
  46  4:59  Medivac x2  
  50  5:01  SCV x2  
  52  5:10  Factory Tech Lab  
  52  5:26  Marine x4  
  52  5:27  Supply Depot, Marine  
  57  5:44  Marine x2  
  57  5:45  Marine x3  
  62  6:02  Marine  
  63  6:12  Marine x4  
  63  6:13  Siege Tank  
  70  6:19  Marine  
  69  6:30  SCV  
Show
View Real Time Build Order
Export as new Build Order

Matlar Zerg 

Build Orders: Hatch First 

Get SALT Encoding   

  12  0:05  Drone  
  14  0:14  Drone  
  14  0:17  Overlord  
  14  0:29  Extractor  
  14  0:31  Drone  
  14  0:35  Drone  
  16  0:38  Drone  
  17  0:56  Drone  
  18  0:59  Hatchery  
  18  1:00  Drone  
  18  1:15  Spawning Pool  
  17  1:19  Extractor, Drone  
  17  1:21  Drone  
  18  1:31  Drone  
  19  1:48  Drone  
  20  1:58  Overlord  
  20  2:05  Drone  
  21  2:11  Zergling x2  
  21  2:14  Zergling x2  
  23  2:23  Zergling x2  
  23  2:25  Queen  
  23  2:27  Hatchery  
  23  2:28  Queen  
  27  2:33  Drone  
  27  2:36  Drone  
  29  2:44  Drone  
  29  2:45  Drone  
  29  2:50  Baneling Nest  
  30  2:58  Drone  
  30  3:01  Evolution Chamber  
  30  3:07  Drone  
  30  3:12  Drone x2  
  33  3:13  Zergling x2  
  33  3:16  Drone  
  33  3:19  Extractor  
  34  3:21  Drone  
  35  3:28  Drone  
  36  3:36  Baneling  
  36  3:37  Baneling x3  
  36  3:39  Drone x2  
  36  3:40  Drone x2  
  40  3:44  Drone x2  
  42  4:05  Overlord x2  
  42  4:09  Extractor, Drone  
  42  4:21  Drone  
  42  4:24  Overlord  
  42  4:26  Drone x4  
  42  4:27  Drone x2  
  42  4:29  Zergling x4  
  50  4:46  Drone x2  
  50  4:48  Spore Crawler  
  50  4:49  Lair  
  50  4:50  Zerg Melee Weapons Level 1  
  51  4:56  Evolution Chamber, Drone x3  
  53  5:02  Drone x4  
  53  5:03  Extractor, Drone  
  53  5:05  Extractor  
  56  5:07  Metabolic Boost  
  56  5:08  Zergling x2  
  56  5:09  Zergling x2  
  56  5:11  Overlord  
  58  5:20  Zergling x2  
  50  5:43  Baneling x4  
  50  5:52  Spine Crawler  
  49  5:58  Spine Crawler  
  49  6:00  Spore Crawler  
  43  6:21  Drone x5  
  43  6:24  Drone x3  
  50  6:26  Drone x5  
  50  6:27  Drone x2  
  50  6:31  Zergling x6  
  60  6:41  Hatchery  
  60  6:42  Zergling x2  
  60  6:44  Baneling x2  
  60  6:46  Hatchery  
Tags
 
Add a new tag
Caveats
  • Supply blocks, unpowered buildings, or Contaminate may cause inaccurate times.
  • Supply counts are checked every 10 seconds.